 Dungeon Crawl Stone Soup version 0.31-a0-851-g7ff8af7976 (webtiles) character file.

Game seed: 15333072808723857957

595 croobank the Sneak (level 7, -3/41 HPs)
             Began as an Octopode Ice Elementalist on Oct 7, 2023.
             Was an Initiate of Gozag.
             Slain by an ogre
             ... wielding a +0 giant spiked club
              (21 damage)
             ... on level 5 of the Dungeon.
             The game lasted 00:13:32 (4112 turns).

croobank the Sneak (Octopode Ice Elementalist)      Turns: 4112, Time: 00:13:33

Health: -3/41      AC:  5    Str: 13    XL:     7   Next: 40%
Magic:  4/13       EV: 14    Int: 20    God:    Gozag
Gold:   182        SH:  0    Dex: 12    Spells: 3/14 levels left

rFire   . . .        o - +1 short sword (vamp)
rCold   . . .        (no shield)
rNeg    . . .        e - +1 hat
rPois   .            d - amulet of regeneration
rElec   .            v - +6 ring of strength
rCorr   .            (no ring)
SInv    .            (no ring)
Will    .....        (no ring)
Stlth   ++++         (no ring)
HPRegen 1.06/turn    (no ring)
MPRegen 0.13/turn    (no ring)
                     (no ring)

%: no passive effects
@: ice-armoured, corroded, gold aura, freezing walls
A: almost no armour, amphibious, 8 rings, camouflage 1, gelatinous body 1,
(nimble swimmer 1), tentacles
a: Renounce Religion, Potion Petition, Call Merchant, Bribe Branch


You were on level 5 of the Dungeon.
You worshipped Gozag.
Gozag was aware of your devotion.
You visited 1 branch of the dungeon, and saw 5 of its levels.

You collected 613 gold pieces.
You paid 431 gold pieces to Gozag.

Inventory:

Hand Weapons
 i - a +0 dagger
 o - a +1 vampiric short sword (weapon)
 p - a +0 morningstar
Missiles
 f - 16 poisoned darts
 l - 4 datura-tipped darts
 w - 7 boomerangs
Armour
 e - a +1 hat (worn)
Jewellery
 d - an amulet of regeneration (around mantle)
 v - a +6 ring of strength (left tentacle)
Talismans
 h - a storm talisman
Wands
 y - a wand of flame (17)
Scrolls
 g - 3 scrolls of identify
 j - a scroll of vulnerability
 m - a scroll of fear
 n - 2 scrolls of fog
 r - a scroll of teleportation
 x - a scroll of silence
Potions
 a - 2 potions of magic
 b - a potion of might
 c - a potion of brilliance
 k - 3 potions of lignification
 q - 2 potions of ambrosia
 u - 2 potions of curing


   Skills:
 + Level 4.2 Dodging
 + Level 6.1 Stealth
 + Level 4.0 Spellcasting
 + Level 5.5 Ice Magic


You had 3 spell levels left.
You knew the following spells:

 Your Spells              Type           Power      Damage    Failure   Level
a - Freeze                Ice            100%       1d10      1%          1
b - Frozen Ramparts       Ice            52%        1d8       4%          3
c - Ozocubu's Armour      Ice            26%        N/A       4%          3
d - Summon Ice Beast      Ice/Summ       15%        N/A       38%         4

Your spell library contained the following spells:

 Spells                   Type           Power      Damage    Failure   Level


Dungeon Overview and Level Annotations

Branches:
Dungeon (5/15)             Temple (0/1) D:4

Altars:
Gozag


Innate Abilities, Weirdness & Mutations

You cannot wear most types of armour.
You are amphibious.
You can wear up to eight rings at the same time.
Your skin changes colour to match your surroundings (Stealth+).
Your rubbery body absorbs attacks. (AC +1, EV +1)
((You are camouflaged when in or above water. (Stealth+)))
You have tentacles for arms and can constrict up to eight enemies at once.


Message History

The ogre completely misses you. The jelly closely misses you.
Casting: Freeze (safe; 1% risk of failure)
Confirm with . or Enter, or press ? or * to list all spells.
Casting: Frozen Ramparts (dangerous; 4% risk of failure)
Press: ? - help, Dir - look around, f - activate The walls around you are covered in ice.
The wall freezes the jelly!
The jelly hits you. The acid corrodes you!
You are splashed with acid!
Casting: Frozen Ramparts (dangerous; 4% risk of failure)
Confirm with . or Enter, or press ? or * to list all spells.
A film of ice covers your body!
The ogre hits you with a +0 giant spiked club.
The wall freezes the jelly!
You kill the jelly!
Casting: Ozocubu's Armour (dangerous; 4% risk of failure)
Confirm with . or Enter, or press ? or * to list all spells.
Aiming: Freeze (safe; 1% risk of failure)
Press: ? - help, Shift-Dir - straight line, f - ogre
Aim: an ogre, wielding a +0 giant spiked club You freeze the ogre!
The ogre is moderately wounded.
The ogre hits you with a +0 giant spiked club!
Casting: Freeze (safe; 1% risk of failure)
Confirm with . or Enter, or press ? or * to list all spells.
Aiming: Freeze (safe; 1% risk of failure)
Press: ? - help, Shift-Dir - straight line, f/p - ogre
Aim: an ogre, wielding a +0 giant spiked club (moderately wounded)
You freeze the ogre.
The ogre is moderately wounded.
Casting: Freeze (safe; 1% risk of failure)
Confirm with . or Enter, or press ? or * to list all spells.
Aiming: Freeze (safe; 1% risk of failure)
Press: ? - help, Shift-Dir - straight line, f/p - ogre
Aim: an ogre, wielding a +0 giant spiked club (moderately wounded)
You freeze the ogre!
The ogre is severely wounded.
The ogre hits you with a +0 giant spiked club!!
Ouch! That really hurt!
You die...
Your body crumbles into a pile of gold.

###.......#..###
##.##..........#.
##..#.............
##....#............
#...#.#..........#.
#..##........#..##.
#..##..###.###.....
##.....# #..#......
#@..### ##........
#.....$?O.# (...
... ...$......#
............
.............
#..............
##....#.......#
####.###......


You could see an ogre.

Vanquished Creatures
  Duvessa (D:5)
  A phantom (D:5)
  Dowan (D:5)
  A howler monkey (D:4)
  A jelly (D:5)
  An orc priest (D:4)
  A hound (D:5)
  2 iguanas
  11 adders
  An ufetubus (D:5)
  A dart slug (D:3)
  9 orcs
  9 endoplasms
  2 giant cockroaches
  5 goblins
  7 hobgoblins
  2 jackals (D:2)
  3 quokkas
  9 ball pythons
  5 bats
  4 frilled lizards
  5 kobolds
  6 rats
88 creatures vanquished.

Notes
Turn   | Place    | Note
-------+----------+-------------------------------------------
     0 | D:1      | croobank the Octopode Ice Elementalist began the quest for
                  | the Orb.
     0 | D:1      | Reached XP level 1. HP: 11/11 MP: 3/3
   691 | D:2      | Reached skill level 3 in Stealth
   714 | D:2      | Reached XP level 2. HP: 5/17 MP: 3/5
   715 | D:2      | Reached XP level 3. HP: 6/21 MP: 2/6
   804 | D:2      | Found an opulent altar of Gozag.
   819 | D:2      | Became a worshipper of Gozag Ym Sagoz the Greedy
   870 | D:2      | Learned a level 3 spell: Frozen Ramparts
   884 | D:2      | Reached XP level 4. HP: 26/27 MP: 2/7
  1465 | D:2      | Learned a level 3 spell: Ozocubu's Armour
  1537 | D:2      | Reached skill level 4 in Stealth
  1970 | D:3      | Reached XP level 5. HP: 31/31 MP: 9/9
  2868 | D:4      | Found a staircase to the Ecumenical Temple.
  2881 | D:4      | Reached XP level 6. HP: 30/36 MP: 2/10
  2913 | D:4      | Reached skill level 5 in Stealth
  2913 | D:4      | Reached skill level 5 in Ice Magic
  3559 | D:5      | Entered Level 5 of the Dungeon
  3748 | D:5      | Noticed Dowan
  3750 | D:5      | Noticed Duvessa
  3766 | D:5      | Learned a level 4 spell: Summon Ice Beast
  3826 | D:5      | Killed Dowan
  3839 | D:5      | Killed Duvessa
  3840 | D:5      | Reached XP level 7. HP: 17/41 MP: 0/12
  3849 | D:5      | Reached skill level 6 in Stealth
  4112 | D:5      | Slain by an ogre

Illustrated notes

Levels and vault maps discovered:
D:1:      co_arrival_square_in_a_square_in_a_square, layout_loops_ring
D:2:      layout_rooms, basic_altar, roderic_lattice_a
D:3:      corexii_shack_village, layout_rooms, hex_tiny, corexii_hall_statues_t,
          hex_large, grunt_ministairs_11
D:4:      layout_cave_pods, minmay_temple_entry_proselytizer
D:5:      layout_cave_pools, uniq_duvessa

Skill      XL: |  1  2  3  4  5  6  7 |
---------------+----------------------+-----
Stealth        | 3 4 5 6 |  6.1
Dodging        | 3 4 |  4.2
Spellcasting   | 3 4 |  4.0
Ice Magic      | 5 |  5.5

Action                     |  1- 3 |  4- 6 |  7- 9 || total
---------------------------+-------+-------+-------++-------
  Melee: Unarmed           |    10 |       |       ||    10
         Dagger            |    16 |    36 |       ||    52
         Constrict         |     8 |    29 |       ||    37
         Tentacles         |     7 |    20 |       ||    27
         Short sword       |       |    78 |     8 ||    86
         Punch             |       |     3 |       ||     3
  Throw: Throwing net      |       |     1 |       ||     1
   Cast: Freeze            |    10 |    13 |     3 ||    26
         Frozen Ramparts   |     1 |    18 |     1 ||    20
         Ozocubu's Armour  |       |     9 |     1 ||    10
 Invoke: Potion Petition   |       |     1 |       ||     1
    Use: Potion            |     2 |       |     2 ||     4
         Scroll            |       |     9 |     4 ||    13
   Stab: Sleeping          |     4 |    25 |     1 ||    30
         Distracted        |       |     1 |       ||     1
 Armour: Skin              |    17 |    46 |    11 ||    74
  Dodge: Dodged            |    20 |    79 |     3 ||   102

Table legend: (Time is in decaauts)
 A = Elapsed time spent in this place.
 B = Non-inter-level travel time spent in this place.
 C = Inter-level travel time spent in this place.
 D = Time resting spent in this place.
 E = Time spent auto-exploring this place.
 F = Levels seen in this place.
 G = Mean time per level.
                   A        B        C        D        E       F      G
               +--------+--------+--------+--------+--------+-----+--------+
         Total |   4110 |   3997 |    113 |    411 |   2597 |   5 |  822.0 |
       Dungeon |   4110 |   3997 |    113 |    411 |   2597 |   5 |  822.0 |
               +--------+--------+--------+--------+--------+-----+--------+

Top non-repeatable levels by time:
     D:4: 1034 daAuts
     D:2: 954 daAuts
     D:3: 822 daAuts
     D:1: 746 daAuts
     D:5: 552 daAuts
